AoeStats
← WoodChuckle

Four Lakes

510004809Analyzed
1v1 RM · 4d ago on Sep 29, 2026· 28m 49s· 2 players
Game mode
Random Map
Map size
Tiny (2 player)
Population
200
Speed
Normal
Resources
Standard
Victory
Conquest
Starting age
Dark Age
Ending age
Imperial Age
RankedLock teamsTeams togetherTeam positionsShared explorationLock speedFull tech treeHidden civsTurbo modeCheats
Victory
Defeat
🇺🇸 Malay · United States
1039
+16
🇺🇸 Byzantines · United States
1048
-40
Gregarious1
12:28 Feudal Age
11:59 Fishing Lines
12:08 Double-Bit Axe
14:08 Wheelbarrow
18:21 Castle Age
18:34 Bow Saw
19:34 Gillnets
20:16 Gold Mining
20:18 Stone Mining
21:37 Gold Shaft Mining
21:29 Hand Cart
23:41 Stone Shaft Mining
23:14 Fletching
23:30 Thalassocracy
27:54 Imperial Age
28:28 Conscription
28:01 Town Watch
WoodChuckle
10:24 Feudal Age
12:22 Horse Collar
12:29 Double-Bit Axe
16:36 Fletching
18:25 Wheelbarrow
22:40 Castle Age
21:27 Padded Archer Armor
21:42 Gold Mining
23:08 Scale Mail Armor
23:37 Elite Skirmisher
24:46 Bodkin Arrow
26:41 Stone Mining
28:18 Leather Archer Armor
27:54 Pikeman
Connection lost

Rejoining the realm…

Still unreachable

The connection could not be restored.

Session expired

The server has moved on; the page needs a fresh start.